 Dungeon Crawl Stone Soup version 0.31.0-4-g52a2dc7128 (console) character file.

Game seed: 6997356725963572265

39 AlterAsc the Changeling (level 3, 0/23 HPs)
             Began as an Octopode Shapeshifter on Jan 21, 2024.
             Shot with a sling bullet by a goblin (4 damage)
             ... on level 2 of the Dungeon.
             The game lasted 00:02:49 (840 turns).

AlterAsc the Changeling (Octopode Shapeshifter)      Turns: 840, Time: 00:02:49

Health: 0/23       AC:  1    Str: 13    XL:     3   Next: 45%
Magic:  3/3        EV: 13    Int: 12    God:
Gold:   37         SH:  0    Dex: 13    Spells: 2/2 levels left

rFire   . .          .
                       - Unarmed
rCold   . . .        (no shield)
rNeg    . . .        (helmet currently unavailable)
rPois   .            (no amulet)
rElec   .            (no ring)
rCorr   .            (no ring)
SInv    .            (no ring)
Will    .....        (no ring)
Stlth   ++           (no ring)
HPRegen 0.23/turn    (no ring)
MPRegen 0.08/turn    (no ring)
                     (no ring)

%: no passive effects
@: beast-form
A: beast (slay +2), almost no armour, amphibious, 8 rings, camouflage 1,
gelatinous body 1, (nimble swimmer 1), tentacles
a: Begin Untransformation


You were on level 2 of the Dungeon.
You were a hulking beast.
You visited 1 branch of the dungeon, and saw 2 of its levels.

You collected 37 gold pieces.

Inventory:

Missiles
 h - 29 stones (quivered)
 k - 2 poisoned darts
Talismans
 b - a beast talisman
 c - a flux talisman
Scrolls
 d - 3 scrolls of identify {unknown}
 i - a scroll of revelation {unknown}
 j - a scroll of blinking {unknown}
Potions
 a - a potion of lignification
 e - a potion of haste {unknown}
 f - 2 potions of curing {unknown}
 g - a potion of degeneration {unknown}
 l - a potion of cancellation {unknown}


   Skills:
 - Level 1.1 Fighting
 - Level 2.1 Dodging
 - Level 3.0 Unarmed Combat
 * Level 4.0 Shapeshifting


You had 2 spell levels left.
You didn't know any spells.
Your spell library was empty.

Dungeon Overview and Level Annotations

Branches:
Dungeon (2/15)

Altars:


Innate Abilities, Weirdness & Mutations

You are a hulking beast.
Your limbs bulge with bestial killing power. (Slay +2)
You cannot wear most types of armour.
You are amphibious.
You can wear up to eight rings at the same time.
Your skin changes colour to match your surroundings (Stealth+).
Your rubbery body absorbs attacks. (AC +1, EV +1)
((You are camouflaged when in or above water. (Stealth+)))
You have tentacles for arms and can constrict up to eight enemies at once.


Message History

The helpless endoplasm fails to defend itself.
You bludgeon the endoplasm!
You kill the endoplasm!
No target in view!
Found a stone staircase leading down. 2 goblins come into view. 4 goblins come into view.
Found a plate armour and 17 gold pieces.
The goblin shouts!
You hear a shout!
The goblin shouts!
A hobgoblin comes into view.
The goblin shouts! x2
The goblin unwields a +0 club.
The goblin wields a +0 sling.
The goblin shoots a sling bullet.
The sling bullet hits you.
You barely miss the goblin. Your grab misses the goblin.
Your squeeze misses the goblin. You tentacle-slap the goblin.
Your grab misses the goblin. Your squeeze misses the goblin.
The goblin is moderately wounded.
The goblin hits you with a +0 dagger. The goblin hits you with a +0 club.
You tentacle-slap the goblin.
You kill the goblin!
The goblin misses you.
Your Shapeshifting skill increases to level 4!
You closely miss the goblin. Your grab misses the goblin.
You squeeze the goblin.
You kill the goblin!
The hobgoblin hits you.
You closely miss the hobgoblin. Your grab misses the hobgoblin.
You squeeze the hobgoblin.
You kill the hobgoblin!
You tentacle-slap the goblin.
You kill the goblin!
The goblin barely misses you.
You tentacle-slap the goblin. Your grab misses the goblin.
The goblin is heavily wounded.
The goblin shoots a sling bullet.
The sling bullet hits you.
You closely miss the goblin. You grab the goblin.
The goblin is heavily wounded.
You constrict the goblin.
You kill the goblin!
The goblin shoots a sling bullet.
The sling bullet hits you.
* * * LOW HITPOINT WARNING * * *
The goblin shoots a sling bullet.
The sling bullet hits you.
You die...

..######..#.........
..#####..#.##......
.......#...#..#..#.
.............## ..#
...........### ..
######..#....# #
#..####....
#8.....8#....# ###.
#.....$.#.##.####
#8.g.gg8#..#....###.
#.g..gg.#h...........
#8..g.[8#............
#.......#....#######.
#8.....8#....#
#.......g)####
#.......>##
........## #########


You could see a goblin.

Vanquished Creatures
  A dart slug (D:1)
  4 endoplasms
  2 giant cockroaches (D:1)
  8 goblins
  4 hobgoblins
  4 jackals (D:1)
  3 kobolds
  2 bats (D:1)
  A rat (D:1)
29 creatures vanquished.

Notes
Turn   | Place    | Note
-------+----------+-------------------------------------------
     0 | D:1      | AlterAsc the Octopode Shapeshifter began the quest for the
                  | Orb.
     0 | D:1      | Reached XP level 1. HP: 13/13 MP: 1/1
   149 | D:1      | Reached XP level 2. HP: 16/18 MP: 2/2
   606 | D:1      | Reached XP level 3. HP: 23/23 MP: 3/3
   833 | D:2      | Reached skill level 4 in Shapeshifting
   840 | D:2      | Shot with a sling bullet by a goblin

Illustrated notes

Levels and vault maps discovered:
D:1:      amcnicky_arrival_wind_blow, layout_basic, serial_aquarium,
          aquarium_bridge_long_joined [aquarium_subvault_balcony,
          aquarium_subvault_bridge, aquarium_subvault_wall,
          aquarium_subvault_window, aquarium_subvault_balcony,
          aquarium_subvault_window], aquarium_window_2, aquarium_window_fake,
          aquarium_view_2b, aquarium_view_4, aquarium_balcony_1a,
          aquarium_pool_2
D:2:      kennysheep_the_goblin_king, layout_rooms, minmay_close_crescents

Skill      XL: |  1  2  3 |
---------------+----------+-----
Shapeshifting  | 4 |  4.0
Fighting       | |  1.1
Dodging        | |  2.1
Unarmed Combat | |  3.0

Action                     || total
---------------------------++-------
  Melee: Unarmed           ||    47
         Tentacles         ||     9
         Constrict         ||     8
         Punch             ||     1
   Stab: Sleeping          ||     7
 Armour: Skin              ||    14
  Dodge: Dodged            ||    18
